 Dungeon Crawl Stone Soup version 0.18.1-50-g88ac8fd (webtiles) character file.

22 ololoev the Magician (level 2, 15/15 HPs)
             Began as a Deep Elf Earth Elementalist on Dec 5, 2016.
             Was a Follower of Dithmenos.
             Quit the game on level 3 of the Dungeon.
             The game lasted 00:01:55 (258 turns).

ololoev the Magician (Deep Elf Earth Elementalist)   Turns: 258, Time: 00:01:56

Health: 15/15      AC:  2    Str:  5    XL:     2   Next: 68%
Magic:  7/9        EV: 13    Int: 19    God:    Dithmenos [*.....]
Gold:   29         SH:  0    Dex: 15    Spells: 2 memorised, 6 levels left

rFire  . . .     SeeInvis .     b - 35 stones
rCold  . . .     Gourm    .     a - +0 robe
rNeg   . . .     Faith    .     (no shield)
rPois  .         Spirit   .     (no helmet)
rElec  .         Dismiss  .     (no cloak)
rCorr  .         Reflect  .     (no gloves)
SustAt .         Harm     .     (no boots)
MR     .....                    (no amulet)
Stlth  ++........               (no ring)
                                (no ring)

@: wreathed by umbra, not resistant to hostile enchantments, unstealthy
A: no striking features
a: Renounce Religion

Inventory:

Missiles
 b - 35 stones (in hand)
Armour
 a - a +0 robe (worn)
Scrolls
 e - a scroll of teleportation {unknown}
 f - a scroll of enchant armour {unknown}
Books
 c - a book of Geomancy

   Spells                             Type                      Level
   a - Sandblast                      Earth                        1
   b - Passwall                       Transmutation/Earth          2
   c - Stone Arrow                    Conjuration/Earth            3
   d - Petrify                        Transmutation/Earth          4
   e - Lee's Rapid Deconstruction     Earth                        5
Comestibles
 d - 2 bread rations
 g - a slice of pizza


   Skills:
 - Level 2.4 Dodging
 - Level 2.4 Stealth
 * Level 4.1 Spellcasting
 - Level 1.1 Transmutations
 + Level 3.7 Earth Magic


You had 6 spell levels left.
You knew the following spells:

 Your Spells              Type           Power        Failure   Level  Hunger
a - Sandblast             Erth           ###...       3%          1    None
w - Passwall              Trmt/Erth      ##........   10%         2    ##.....


You were on level 3 of the Dungeon.
You worshipped Dithmenos.
Dithmenos was aware of your devotion.
You were not hungry.

You visited 1 branch of the dungeon, and saw 3 of its levels.

You collected 29 gold pieces.

.# #.#.... .# ....
....# .#########.##
....# ............#+##
....#
...............##....#
............(..#.....#
.....................#
.########.......#....#
## ###....#@#
.........#..#
.......>.....#
.......#######
.......@ ########
#######

Notes
Turn   | Place    | Note
--------------------------------------------------------------
     0 | D:1      | ololoev the Deep Elf Earth Elementalist began the quest for the Orb.
     0 | D:1      | Reached XP level 1. HP: 10/10 MP: 6/6
    84 | D:2      | Reached XP level 2. HP: 15/15 MP: 1/8
    88 | D:2      | Learned a level 2 spell: Passwall
    93 | D:3      | Reached skill level 4 in Spellcasting
   250 | D:3      | Found a faded altar to an unknown god.
   252 | D:3      | Noticed Terence
   258 | D:3      | Became a worshipper of Dithmenos the Shadowed
   258 | D:3      | Reached * piety under Dithmenos
   258 | D:3      | Quit the game

Dungeon Overview and Level Annotations

Branches:
Dungeon (3/15)

Altars:
Dithmenos

Annotations:
D:3 Terence


Message History

You hear the sound of rushing water.
There is an entrance to a sewer on this level.
Hurry and find it before the portal rusts away!
A bat comes into view.
There is a stone staircase leading up here.
Unknown command.
Unknown command.
Casting: Sandblast
Confirm with . or Enter, or press ? or * to list all spells.
Aiming: Sandblast
Press: ? - help, Shift-Dir - straight line, f - bat
Aim: a bat (resting)
The rocky blast hits the bat.
You kill the bat!
Your Spellcasting skill increases to level 4!
As you open the door, it creaks loudly!
You see here a bat corpse.
Found a slice of pizza.
g - a slice of pizza You hear the slow rusting of a very distant drain.
Found 28 stones.
b - 38 stones (gained 28) Magic restored.
You hear the slow rusting of a very distant drain.
You open the door.
There is an open door here.
You open the door.
There is an open door here.
Found a glowing plate armour.
You see here a glowing plate armour.
A quokka comes into view.
Found 12 gold pieces.
A worm comes into view.
Casting: Sandblast
Confirm with . or Enter, or press ? or * to list all spells.
Aiming: Sandblast
Press: ? - help, Shift-Dir - straight line, f - quokka
Aim: a quokka (resting)
The rocky blast hits the quokka.
You kill the quokka!
Casting: Sandblast
Confirm with . or Enter, or press ? or * to list all spells.
You can't see any susceptible monsters within range! (Use Z to cast anyway.) Unknown command.
Casting: Sandblast
Confirm with . or Enter, or press ? or * to list all spells.
Aiming: Sandblast
Press: ? - help, Shift-Dir - straight line, f - worm
Aim: a worm The rocky blast hits the worm.
The worm is severely wounded.
Casting: Sandblast
Confirm with . or Enter, or press ? or * to list all spells.
Aiming: Sandblast
Press: ? - help, Shift-Dir - straight line, f/p - worm
Aim: a worm (severely wounded)
You miscast Sandblast.
You are very lightly contaminated with residual magic.
You feel gritty.
Casting: Sandblast
Confirm with . or Enter, or press ? or * to list all spells.
Aiming: Sandblast
Press: ? - help, Shift-Dir - straight line, f/p - worm
Aim: a worm (heavily wounded)
The rocky blast hits the worm.
You kill the worm!
You see here a worm corpse.
You hear the slow rusting of a very distant drain.
You now have 29 gold pieces (gained 12).
Found 2 javelins.
Found a stone staircase leading down.
Found a faded altar to an unknown god.
Found a scroll labeled IFYINE CYSUPA.
Terence the Incautious comes into view.
He is wielding a short sword.
Your magical contamination has completely faded away.
There is a faded altar to an unknown god here.
This altar will convert you to a god.
You cannot discern which.
Do you pray? Dithmenos accepts your prayer! Dithmenos welcomes you!
You are shrouded in an aura of darkness!
Are you sure you want to abandon this character and quit the game? (Confirm with "yes".)

There were no monsters in sight!

Vanquished Creatures
  An adder (D:2)
  2 worms
  A bat (D:3)
  A goblin (D:2)
  A hobgoblin (D:2)
  A quokka (D:3)
  A rat (D:2)
8 creatures vanquished.

Vanquished Creatures (others)
  5 toadstools (D:1)
5 creatures vanquished.

Grand Total: 13 creatures vanquished

Action                   || total
-------------------------++-------
 Cast: Sandblast         ||    13

Vault maps used:
D:1:      ldierk_walled_garden
D:2:      minitemple, kennysheep_boxes
D:3:      ecumenical_altar_1, portal_sewer_entry_e, uniq_terence
